 Dungeon Crawl Stone Soup version 0.32-a0-868-g153ae1a8d6 (webtiles) character file.

Game seed: 1759856157736019440

4847 dialectric the Fighter (level 10, -16/138 HPs)
             Began as a Minotaur Fighter on Mar 29, 2024.
             Killed from afar by an acid dragon (18 damage)
             ... with a splash of acid
             ... on level 9 of the Dungeon.
             The game lasted 00:09:14 (7770 turns).

dialectric the Fighter (Minotaur Fighter)           Turns: 7770, Time: 00:09:15

Health: -16/138    AC: 29    Str: 24    XL:     10   Next: 25%
Magic:  9/9        EV:  2    Int:  5    God:
Gold:   432        SH:  0    Dex: 11    Spells: 9/9 levels left

rFire   . . .        d - +3 dire flail (heavy)
rCold   . . .        (shield currently unavailable)
rNeg    . . .        n - melded +2 ring mail {rPois}
rPois   +            (helmet currently unavailable)
rElec   .            M - melded +1 cloak {rCorr}
rCorr   .            (gloves currently unavailable)
SInv    .            A - melded +0 pair of boots
Will    .....        (no amulet)
Stlth   +            m - +4 ring of protection
HPRegen 0.43/turn    I - ring of flight
MPRegen 0.11/turn

%: no passive effects
@: tree-form
A: stationary, stasis, torment immunity, boosted hp, (horns 2), (retaliatory
headbutt)
a: no special abilities


You were on level 9 of the Dungeon.
You were a tree.
You visited 1 branch of the dungeon, and saw 9 of its levels.

You collected 432 gold pieces.

Inventory:

Hand Weapons
 a - a +0 flail
 d - a +3 heavy dire flail (weapon)
 q - a +2 short sword of speed
 C - a +8 short sword of freezing
 H - a +0 hand axe
 L - a +0 whip of distortion
Missiles
 J - 21 poisoned darts (quivered)
Armour
 b - a +0 scale mail
 c - a +0 buckler
 n - a +2 ring mail of poison resistance (melded)
 t - a +0 cloak
 y - a +3 leather armour of fire resistance
 A - a +0 pair of boots (melded)
 M - a +1 cloak of preservation (melded)
Jewellery
 m - a +4 ring of protection (left branch)
 I - a ring of flight (right branch)
Wands
 x - a wand of polymorph (4)
 K - a wand of flame (14)
Scrolls
 f - 2 scrolls of enchant weapon
 g - a scroll of noise
 j - a scroll of butterflies {unknown}
 l - 2 scrolls of fog
 o - a scroll of amnesia {unknown}
 s - 3 scrolls of identify {unknown}
 u - 3 scrolls of teleportation {unknown}
 v - 2 scrolls of poison {unknown}
 z - a scroll of brand weapon
 D - a scroll of enchant armour {unknown}
 E - a scroll of acquirement {unknown}
 G - a scroll of silence {unknown}
 N - a scroll of fear {unknown}
Potions
 e - a potion of attraction {unknown}
 h - 3 potions of ambrosia
 i - a potion of enlightenment {unknown}
 k - 4 potions of lignification
 p - 2 potions of mutation {unknown}
 r - 3 potions of curing {unknown}
 w - a potion of degeneration {unknown}
 B - a potion of brilliance {unknown}
 F - a potion of cancellation {unknown}


   Skills:
 + Level 9.7 Fighting
 + Level 3.8 Short Blades
 + Level 9.3 Maces & Flails
 + Level 9.7 Armour
 + Level 6.0 Dodging
 - Level 6.0 Shields


You had 9 spell levels left.
You didn't know any spells.
Your spell library contained the following spells:

 Spells                   Type           Power      Damage    Failure   Level
 Magic Dart               Conj           0%         1d3       47%         1
 Cigotuvi's Dreadful Rot  Necr/Alch/Air  0%         N/A       63%         2
 Jinxbite                 Hex            0%         N/A       63%         2
 Mercury Vapours          Alch/Air       0%         N/A       63%         2
 Searing Ray              Conj           0%         2d4       63%         2
 Mephitic Cloud           Conj/Alch/Air  0%         N/A       85%         3
 Tukima's Dance           Hex            0%         N/A       85%         3
 Volatile Blastmotes      Fire/Tloc      0%         2d10      85%         3
 Dimensional Bullseye     Hex/Tloc       0%         N/A       99%         4
 Fulminant Prism          Conj/Alch      0%         3d5       99%         4
 Ignite Poison            Fire/Alch      0%         N/A       99%         4
 Iskenderun's Mystic Bla Conj/Tloc 0%             2d3        (+2d1     99%         4
 Freezing Cloud           Conj/Ice/Air   0%         6-21      100%        5
 Yara's Violent Unravell  Hex/Alch       0%         3d3       100%        5
 Enfeeble                 Hex            0%         N/A       100%        7


Dungeon Overview and Level Annotations

Branches:
Dungeon (9/15)             Temple (0/1) D:5
   Lair: D:8-11         Orc: D:9-12

Altars:
Fedhas
Makhleb
Nemelex Xobeh
Vehumet

Shops:
D:2 :*   D:6 =

Annotations:
D:8 Gastronok


Innate Abilities, Weirdness & Mutations

You are a tree.
Your roots penetrate the ground, keeping you stationary.
You cannot be teleported.
You are immune to unholy pain and torment.
Your maximum health is greatly increased.
Your equipment is partially melded.
((You have a pair of horns on your head.))
((You reflexively headbutt those who attack you in melee.))


Message History

* * * LOW HITPOINT WARNING * * *
The acid dragon bites you but does no damage.
The acid dragon barely misses you. The orc barely misses you.
You furiously retaliate!
You headbutt the orc!
You kill the orc!
The orc hits you but does no damage. The orc priest closely misses you.
You furiously retaliate!
You headbutt the orc priest!
You kill the orc priest!
Unknown command.
Unknown command.
Unknown command.
It was a potion of lignification.
You turn into a tree.
Your +1 cloak of preservation melds into your body.
Your +0 pair of boots melds into your body.
Your +2 ring mail of poison resistance melds into your body.
You no longer feel resistant to poison.
Your roots penetrate the ground.
The orc warrior hits you from afar with a +0 glaive.
* * * LOW HITPOINT WARNING * * *
The acid dragon bites you but does no damage.
The acid dragon claws you but does no damage.
The orc hits you but does no damage.
You impale the orc!!
You kill the orc!
The orc warrior hits you from afar with a +0 glaive.
* * * LOW HITPOINT WARNING * * *
The acid dragon bites you.
* * * LOW HITPOINT WARNING * * *
The acid dragon claws you but does no damage.
You closely miss the acid dragon.
The orc warrior hits you from afar with a +0 glaive.
* * * LOW HITPOINT WARNING * * *
The acid dragon bites you!
* * * LOW HITPOINT WARNING * * *
The acid dragon claws you.
* * * LOW HITPOINT WARNING * * *
The orc warrior hits you from afar with a +0 glaive!
* * * LOW HITPOINT WARNING * * *
The acid dragon spits acid at you. The splash of acid hits you!!
You die...

#'####..##...#####.#
##...##.......#.....#
#....##..##.........#
#....##'###.........#
#...................#
##........##..##.....#
#.......o.#########..####
#'#..>..))D#..#......#..##
##.##..##)♣.#..#...........
##...##'##...#..##'#####...#
#.....#......#..##....##..##
##_._##...<..#........##..##
#####..##..######....#....#
#...##..## #....'....#
##...##...#. #######...#
#.........#..##....##..##
#.........#...'....##..##


You could see an orc warrior and an acid dragon (catching breath).

Vanquished Creatures
  Pikel (D:8)
  Grinder (D:6)
  Sigmund (D:2)
  A wraith (D:9)
  3 yaks (D:8)
  An acid dragon (D:9)
  2 water moccasins
  A swamp drake (D:8)
  2 orc warriors (D:6)
  2 ice beasts
  An ogre (D:7)
  2 lemures (D:8)
  A kobold brigand (D:8)
  5 bullfrogs
  4 scorpions
  12 wights
  7 killer bees
  6 howler monkeys
  A bombardier beetle (D:5)
  A crimson imp (D:9)
  7 orc priests
  A hound (D:5)
  Ijyb (D:3)
  6 iguanas
  4 orc wizards
  3 gnolls
  6 adders
  A white imp (D:7)
  6 ufetubi
  5 dart slugs
  3 ribbon worms
  17 orcs
  9 endoplasms
  A giant cockroach (D:1)
  5 hobgoblins
  2 jackals (D:2)
  12 kobolds
  3 quokkas
  13 ball pythons
  6 bats
  4 frilled lizards
  4 goblins
  4 rats
178 creatures vanquished.

Notes
Turn   | Place    | Note
-------+----------+-------------------------------------------
     0 | D:1      | dialectric the Minotaur Fighter began the quest for the
                  | Orb.
     0 | D:1      | Reached XP level 1. HP: 19/19 MP: 0/0
   157 | D:1      | Reached XP level 2. HP: 26/27 MP: 1/1
   640 | D:1      | Reached XP level 3. HP: 33/33 MP: 2/2
   985 | D:2      | Found Itarphiu's Book Shoppe.
  1076 | D:2      | Found Fitio's General Store.
  1080 | D:2      | Noticed Sigmund
  1130 | D:3      | Reached XP level 4. HP: 40/40 MP: 3/3
  1221 | D:3      | Found a blossoming altar of Fedhas.
  1224 | D:3      | Found a sparkling altar of Nemelex Xobeh.
  1328 | D:3      | You fall into a shaft and drop 1 floor!
  1756 | D:4      | Reached XP level 5. HP: 47/47 MP: 4/4
  2195 | D:4      | Reached skill level 5 in Shields
  2200 | D:4      | Reached skill level 5 in Fighting
  2200 | D:4      | Reached skill level 5 in Armour
  2274 | D:4      | Reached XP level 6. HP: 52/56 MP: 5/5
  2434 | D:5      | Entered Level 5 of the Dungeon
  2705 | D:3      | Noticed Ijyb
  2721 | D:3      | Killed Ijyb
  3270 | D:2      | Killed Sigmund
  3271 | D:2      | Reached skill level 5 in Maces & Flails
  3271 | D:2      | Reached XP level 7. HP: 56/62 MP: 6/6
  3296 | D:2      | Found a faded altar of an unknown god.
  3464 | D:2      | Found a burning altar of Makhleb.
  3931 | D:5      | Found a staircase to the Ecumenical Temple.
  4043 | D:5      | Identified the +8 long sword of Qeca {flame, +Blink Str+4
                  | Int-2}
  4610 | D:6      | Reached XP level 8. HP: 71/71 MP: 7/7
  4678 | D:6      | Reached skill level 1 in Dodging
  4989 | D:6      | Found Lefarr's Jewellery Boutique.
  4991 | D:6      | Noticed Grinder
  5002 | D:6      | Paralysed by Grinder for 3 turns
  5011 | D:6      | Killed Grinder
  5559 | D:6      | Reached XP level 9. HP: 81/81 MP: 8/8
  5796 | D:7      | Noticed a troll
  6503 | D:8      | Noticed Maurice
  6517 | D:8      | Something stole a +2 short sword of speed
  6523 | D:8      | Something stole 13 poisoned darts
  6524 | D:8      | Something stole a +0 buckler
  6527 | D:8      | Something stole 308 gold
  6535 | D:8      | Something stole 85 gold
  6557 | D:8      | Maurice changed into Maurice the swamp drake
  6557 | D:8      | Noticed Maurice
  6564 | D:8      | Killed Maurice the swamp drake
  6565 | D:8      | Reached skill level 1 in Short Blades
  6765 | D:8      | Reached skill level 5 in Dodging
  7220 | D:8      | Noticed Pikel
  7272 | D:8      | Killed Pikel
  7273 | D:8      | Reached XP level 10. HP: 81/91 MP: 9/9
  7382 | D:8      | Noticed Gastronok
  7727 | D:9      | Found a radiant altar of Vehumet.
  7728 | D:9      | Found a burning altar of Makhleb.
  7770 | D:9      | HP: 2/138 [orc warrior/+0 glaive (11)]
  7770 | D:9      | Killed from afar by an acid dragon

Illustrated notes

Levels and vault maps discovered:
D:1:      evilmike_arrival_rings, layout_basic
D:2:      layout_rooms, serial_shops, nicolae_shop_stone,
          nicolae_book_shop_shelving, basic_altar,
          ebering_ecumenical_altar_ruins, uniq_sigmund
D:3:      cheibrodos_pilgrimage, layout_basic, nicolae_overflow_squiral,
          uniq_ijyb
D:4:      layout_loops_cross, serial_library, serial_library_hellmonk_hallway_a,
          serial_library_regret_index_branch_corner,
          serial_library_hellmonk_small_alcove, serial_library_hellmonk_room_c,
          serial_library_hellmonk_room_c
D:5:      layout_basic, minmay_temple_entry_grid, roderic_lattice_a
D:6:      layout_loops_ring, serial_shops, shop,
          serial_library_hellmonk_statue_hall, uniq_grinder
D:7:      layout_loops_cross, corexii_corridor_pit
D:8:      layout_basic, gammafunk_ghost_smash, minmay_misc_feat_nine_boxes,
          minmay_diced_spiral, uniq_pikel, uniq_gastronok, uniq_maurice
D:9:      kennysheep_ambush_hall, layout_gridville,
          grunt_temple_overflow_lords_of_destruction, uniq_jeremiah

Skill      XL: |  1  2  3  4  5  6  7  8  9 10 |
---------------+-------------------------------+-----
Fighting       | 4 5 6 8 9 |  9.7
Shields        | 4 5 6 |  6.0
Maces & Flails | 3 4 5 6 7 9 |  9.3
Armour         | 4 5 6 8 9 |  9.7
Dodging        | 3 5 6 |  6.0
Short Blades   | 3 |  3.8

Action                     |  1- 3 |  4- 6 |  7- 9 | 10-12 || total
---------------------------+-------+-------+-------+-------++-------
  Melee: Flail             |    96 |   118 |   192 |       ||   406
         Headbutt          |    11 |    21 |    52 |     8 ||    92
         Short sword       |       |       |   119 |    11 ||   130
         Dire flail        |       |       |       |    31 ||    31
  Evoke: Wand              |       |       |     2 |       ||     2
    Use: Scroll            |       |     1 |     3 |     1 ||     5
         Potion            |       |     1 |     2 |     2 ||     5
 Armour: Scale mail        |   121 |       |       |       ||   121
         Ring mail         |    12 |   112 |   338 |    63 ||   525
         Skin              |       |       |       |    12 ||    12
  Dodge: Dodged            |    65 |    66 |   249 |    75 ||   455

Table legend: (Time is in decaauts)
 A = Elapsed time spent in this place.
 B = Non-inter-level travel time spent in this place.
 C = Inter-level travel time spent in this place.
 D = Time resting spent in this place.
 E = Time spent auto-exploring this place.
 F = Levels seen in this place.
 G = Mean time per level.
                   A        B        C        D        E       F      G
               +--------+--------+--------+--------+--------+-----+--------+
         Total |   7829 |   7651 |    178 |    494 |   5513 |   9 |  869.9 |
       Dungeon |   7829 |   7651 |    178 |    494 |   5513 |   9 |  869.9 |
               +--------+--------+--------+--------+--------+-----+--------+

Top non-repeatable levels by time:
     D:5: 1298 daAuts
     D:4: 1170 daAuts
     D:6: 1146 daAuts
     D:1: 964 daAuts
     D:8: 938 daAuts
     D:7: 732 daAuts
     D:3: 678 daAuts
     D:2: 530 daAuts
     D:9: 370 daAuts
